 Dungeon Crawl Stone Soup version 0.30-a0-170-g85af917532 (webtiles) character file.

Game seed: 9686296413189798589

59 qw the Chopper (level 4, 0/28 HPs)
             Began as a Gargoyle Fighter on Sept 30, 2022.
             Slain by a gnoll
             ... wielding a +0 halberd
              (8 damage)
             ... on level 4 of the Dungeon.
             The game lasted 00:00:29 (2014 turns).

qw the Chopper (Gargoyle Fighter)                   Turns: 2014, Time: 00:00:30

Health: 0/28       AC: 15    Str: 22    XL:     4   Next: 3%
Magic:  4/4        EV:  6    Int:  8    God:
Gold:   154        SH:  9    Dex:  9    Spells: 3/3 levels left

rFire   . . .      SeeInvis .    Y - +0 war axe
rCold   . . .      Faith    .    c - +0 buckler
rNeg    + . .      Spirit   .    j - +0 plate armour
rPois   inf        Reflect  +    (no helmet)
rElec   +          Harm     .    (no cloak)
rCorr   .          Rampage  .    (no gloves)
Will    .....                    (no boots)
Stlth   ..........               l - amulet of reflection
HPRegen 0.09/turn                (no ring)
MPRegen 0.09/turn                (no ring)

@: no status effects
A: sickness immunity, AC +3, negative energy resistance 1, electricity
resistance, torment resistance 1, petrification resistance
a: no special abilities


You were on level 4 of the Dungeon.
You visited 1 branch of the dungeon, and saw 4 of its levels.

You collected 154 gold pieces.


Innate Abilities, Weirdness & Mutations

You are immune to sickness and miasma.
Your stone body is resilient. (AC +3)
You are immune to poison.
You resist negative energy. (rN+)
You are resistant to electric shocks. (rElec)
You are resistant to unholy torment.
You are immune to petrification.


   Skills:
 - Level 3.2 Fighting
 + Level 3.5 Axes
 - Level 1.0 Throwing
 - Level 3.2 Armour
 - Level 3.2 Shields


You had 3 spell levels left.
You didn't know any spells.
Your spell library was empty.

Inventory:

Hand Weapons
 g - a +0 whip
 Y - a +0 war axe (weapon)
Missiles
 f - 8 javelins (quivered)
Armour
 c - a +0 buckler (worn)
 j - a +0 plate armour (worn)
Jewellery
 l - an amulet of reflection (around neck)
Scrolls
 i - a scroll of teleportation
Potions
 a - a potion of berserk rage {unknown}
 d - a potion of might
 e - a potion of mutation {unknown}

Dungeon Overview and Level Annotations

Branches:
Dungeon (4/15)
 Temple: D:4-7

Altars:


Message History

Your butterfly disappears in a burst of colours!
Your butterfly is engulfed in poison gas.
Your butterfly is poisoned.
You kill your butterfly!
Your butterfly disappears in a burst of colours!
You swap places.
You swap places.
You see here 3 stones.
There is a stone staircase leading down here.
You climb downwards.
The gnoll shouts! x3
Found a scroll labelled XUSAMU ZYERCH.
There is a stone staircase leading up here.
There are monsters nearby!
Existing waypoints: (1) D:2 (2) D:3 Assign waypoint to what number? (0-9, D - delete waypoint) Waypoint 1 re-assigned from D:2 to D:4.
Enter note: A gnoll and a kobold come into view.
Found 7 gold pieces.
The gnoll shouts!
The kobold shouts!
The gnoll hits you with a +0 flail. You block the gnoll's attack.
You slash the gnoll!
The gnoll is severely wounded.
You hit the gnoll but do no damage. x2
The gnoll hits you but does no damage. x2; The gnoll hits you with a +0 halberd!
You hit the gnoll but do no damage.
The gnoll is severely wounded.
You hit the gnoll. x2
The gnoll completely misses you. The gnoll hits you with a +0 club.
The gnoll hits you but does no damage.
You barely miss the gnoll.
The gnoll is severely wounded.
You slash the gnoll! You hit the gnoll. x2
A goblin comes into view. It is wielding a +0 club.
You block the gnoll's attack. The gnoll hits you with a +0 whip.
The gnoll hits you with a +0 flail. The gnoll hits you but does no damage.
The gnoll hits you with a +0 halberd!
You die...

..##....... ...
.......#..#.##.###
.....#.#.........
...#.......#.#.#..
#...#....#.......
.##..#.#..<.......
..................
..$...K...........
......g@...##.....
......ggg#.# ....#
........##... ####
...........### .
.......#..##
....... .# .......
.# ...g... .#


You could see 4 gnolls, a goblin (wandering) and a kobold.

Vanquished Creatures
  2 adders (D:2)
  A dart slug (D:1)
  5 ball pythons
  An endoplasm (D:2)
  3 giant cockroaches
  2 goblins (D:2)
  6 hobgoblins
  3 kobolds
  A quokka (D:3)
  6 bats
  2 frilled lizards (D:1)
  2 rats (D:2)
34 creatures vanquished.

Notes
Turn   | Place    | Note
-------+----------+-------------------------------------------
     0 | D:1      | qw the Gargoyle Fighter began the quest for the Orb.
     0 | D:1      | Reached XP level 1. HP: 14/14 MP: 1/1
     0 | D:1      | 0 ||| qw: Version: 0.2-a-12-gaebbb33
     0 | D:1      | 0 ||| qw: Game counter: 1635
     0 | D:1      | 0 ||| qw: Always use a shield: true
     0 | D:1      | 0 ||| qw: God list: Okawaru
     0 | D:1      | 0 ||| qw: Allow faded altars: false
     0 | D:1      | 0 ||| qw: Do Orc after D:15 true
     0 | D:1      | 0 ||| qw: Do second Lair branch before Depths: true
     0 | D:1      | 0 ||| qw: Lair rune preference: random
     0 | D:1      | 0 ||| qw: Plans: Normal, Zot:1-4, God:TSO, Crypt, Tomb,
                  | Pan, Slime:5, Hells, Abyss, Orb
     0 | D:1      | 0 ||| PLANNING D:1-11
   265 | D:1      | Found a faded altar of an unknown god.
   278 | D:1      | Reached XP level 2. HP: 19/19 MP: 2/2
   649 | D:1      | 649 ||| READING scroll labelled GOMNEN NERRIL.
   650 | D:1      | 650 ||| READING scroll labelled JICZYI WOOFOBYESH.
   651 | D:1      | 651 ||| READING scroll labelled YTTUOVOUMP.
   656 | D:1      | 656 ||| READING scroll labelled IPPEYH YTAIK.
   710 | D:2      | 710 ||| Stepping ~*~*~tactically~*~*~ (stealth).
   739 | D:2      | Reached skill level 3 in Axes
   821 | D:2      | Reached XP level 3. HP: 23/23 MP: 3/3
   868 | D:2      | 868 ||| Stepping ~*~*~tactically~*~*~ (stealth).
   869 | D:2      | 869 ||| Stepping ~*~*~tactically~*~*~ (stealth).
  1146 | D:2      | Reached skill level 1 in Throwing
  1554 | D:3      | Reached XP level 4. HP: 28/28 MP: 4/4
  1660 | D:3      | Identified the +1 leather armour of Nuly Mue {rElec}
  1914 | D:3      | 1914 ||| UPGRADING to +0 plate armour.
  1924 | D:3      | 1924 ||| DROPPING +0 scale mail.
  1925 | D:3      | 1925 ||| UPGRADING to amulet of reflection.
  1930 | D:3      | 1930 ||| READING scroll labelled WADDO ILUGGURCH.
  1931 | D:3      | 1931 ||| READING scroll labelled KUFUET ATSY.
  2014 | D:4      | Slain by a gnoll

Levels and vault maps discovered:
D:1:      minmay_arrival_loop, layout_basic, ebering_ecumenical_altar_mist
D:2:      layout_loops_ring
D:3:      layout_basic
D:4:      layout_rooms, gammafunk_ghost_icy

Skill      XL: |  1  2  3 |
---------------+----------+-----
Axes           | 2 3 |  3.5
Throwing       | 1 |  1.0
Fighting       | |  3.2
Armour         | |  3.2
Shields        | |  3.2

Action                   |  1- 3 |  4- 6 || total
-------------------------+-------+-------++-------
Melee: War axe           |    58 |     5 ||    63
Throw: Javelin           |    33 |       ||    33
  Use: Scroll            |     4 |     2 ||     6
Armor: Scale mail        |    33 |     1 ||    34
       Plate armour      |       |     4 ||     4
Dodge: Dodged            |    28 |     1 ||    29
Block: Buckler           |    13 |     2 ||    15

Table legend:
 A = Non-vault XP
 B = Vault XP
 C = Vault XP percentage of total XP
 D = Non-vault monster count
 E = Vault monster count
 F = Vault count percentage of total count
                 A         B        C        D         E       F
            +---------+---------+-------+---------+---------+-------
      Total |      85 |       0 |   0.0 |      34 |       0 |   0.0
            +---------+---------+-------+---------+---------+-------
        D:1 |      24 |       0 |   0.0 |      13 |       0 |   0.0
        D:2 |      52 |       0 |   0.0 |      16 |       0 |   0.0
        D:3 |       9 |       0 |   0.0 |       5 |       0 |   0.0
            +---------+---------+-------+---------+---------+-------
